 Dungeon Sprint DCSS version 0.17-a0-1655-g88a8506 (webtiles) character file.

8300000 ztt the Conqueror (level 27, -7/273 HPs)
             Began as a Minotaur Fighter on Aug 15, 2015.
             Was the Champion of Makhleb.
             Killed from afar by a wretched soul (87 damage)
             ... with a bolt of negative energy
             ... in the Dungeon (Sprint VIII: "Arena of Blood").
             The game lasted 00:03:22 (83 turns).

ztt the Conqueror (Minotaur Fighter)                  Turns: 83, Time: 00:03:22

Health: -7/273     AC: 12    Str: 30    XL:     27
Magic:  28/53      EV: 26    Int:  5    God:    Makhleb [******]
Gold:   0          SH:  0    Dex: 14    Spells: 0 memorised, 80 levels left

rFire  . . .     SeeInvis .     l - +∞ Axe of Woe
rCold  . . .     Clarity  .     b - +0 scale mail
rNeg   . . .     SustAt   .     (no shield)
rPois  .         Gourm    .     (helmet restricted)
rElec  .         Spirit   .     (no cloak)
rCorr  .         Warding  .     (no gloves)
rMut   .         NoTele   +     (no boots)
MR     ++...                    (no amulet)
Stlth  ++++++....               n - +30 ring of slaying
                                m - +30 ring of slaying

@: slowed, drained, very slow, very resistant to hostile enchantments, very
stealthy
A: retaliatory headbutt, horns 2
a: Minor Destruction, Lesser Servant of Makhleb, Major Destruction, Greater
Servant of Makhleb, Renounce Religion


You were in the Dungeon.
You worshipped Makhleb.
Makhleb was exalted by your worship.
You were not hungry.

You visited 1 branch

Inventory:

Hand weapons
 a - a +0 war axe
 l - the +∞ Axe of Woe (weapon)
   (You found it in the Dungeon)
Armour
 b - a +0 scale mail (worn)
 c - a +0 shield
Jewellery
 m - a +30 ring of slaying (left hand)
 n - a +30 ring of slaying (right hand)
Scrolls
 k - a scroll of blinking
Potions
 d - a potion of might
 f - a potion of curing
 h - a potion of haste
 i - 2 potions of magic
 j - a potion of berserk rage
Comestibles
 e - a bread ration


   Skills:
 O Level 27(25.5) Fighting
 O Level 27(25.5) Axes
 O Level 27(25.5) Throwing
 O Level 27(25.5) Armour
 O Level 27(25.5) Dodging
 O Level 27(25.5) Stealth
 O Level 27(25.5) Shields
 O Level 27(25.5) Unarmed Combat
 O Level 27(25.5) Spellcasting
 O Level 27(25.5) Invocations


You had 80 spell levels left.
You didn't know any spells.

Dungeon Overview and Level Annotations

Branches:
Dungeon (1/1)

Altars:
Makhleb

Annotations:
D The Servant


Innate Abilities, Weirdness & Mutations

You reflexively headbutt those who attack you in melee.
You have a pair of horns on your head.


Message History

You chop the dread into pieces.
You destroy the dread!
Makhleb accepts your kill.
You feel better.
You slash the meat beast!
You hew the meat beast savagely.
You kill the meat beast!
Makhleb accepts your kill.
You hear a shout!
The large bag of meat is engulfed in roaring flames.
You hear a shout! x7
Unknown command.
You hear a shout! x7
The dread hits you. The dread drains your vigour!
You feel yourself slow down.
You hear a shout!
The large bag of meat hits you with a +9 giant spiked club!!!!
* * * LOW HITPOINT WARNING * * *
You hear a shout! x2
A bolt of negative energy appears from out of thin air!
Deactivating autopickup; reactivate with Ctrl-A.
The bolt of negative energy hits you!
You feel drained.
You die...

......... .......
#.......# ....... .
#.......# .......
..###.. ....###.....%.
......###%)).........
...V.._.))).§§C%....
.#...)§#)))§...#.#
#_)§@_#)DC)......
#.))).#.@W)..#%#.
......._....)))...%..
......###......%..#.#
..###.§....O###.......
. #.......# .......
#.......# .......
......... .......
........... .#...#.


You could see an eight-headed meat hydra, 2 large bags of meat, a dread and a
meat berserker (berserk).

Vanquished Creatures
  2 hell beasts (D)
  2 wraiths (D)
  8 vampire knights (D)
  22 ogres (D)
  3 liches (D)
  52 orcs (D)
  4 hill giants (D)
  2 skeletal warriors (D)
  4 large abominations (D)
  10 small abominations (D)
  4 crawling corpses (D)
113 creatures vanquished.

Vanquished Creatures (others)
  4 crawling corpses (D)
4 creatures vanquished.

Grand Total: 117 creatures vanquished

Notes
Turn   | Place    | Note
--------------------------------------------------------------
     0 | D        | ztt the Minotaur Fighter began the quest for the Orb.
     0 | D        | Reached XP level 1. HP: 19/19 MP: 0/0
     2 | D        | Noticed a bag of meat
     2 | D        | Noticed a bag of meat
     3 | D        | Noticed a bag of meat
     3 | D        | Noticed a bag of meat
     5 | D        | Noticed a bag of meat
     5 | D        | Noticed a bag of meat
     6 | D        | Noticed a bag of meat
     9 | D        | Killed a bag of meat
     9 | D        | Reached skill level 18 in Fighting
     9 | D        | Reached skill level 10 in Axes
     9 | D        | Reached XP level 2. HP: 21/53 MP: 1/1
     9 | D        | Reached XP level 3. HP: 23/60 MP: 2/2
     9 | D        | Reached XP level 4. HP: 26/69 MP: 3/3
     9 | D        | Reached XP level 5. HP: 28/75 MP: 4/4
     9 | D        | Reached XP level 6. HP: 30/83 MP: 5/5
     9 | D        | Reached XP level 7. HP: 32/91 MP: 6/6
     9 | D        | Reached XP level 8. HP: 34/99 MP: 7/7
     9 | D        | Reached XP level 9. HP: 36/105 MP: 8/8
     9 | D        | Reached XP level 10. HP: 39/114 MP: 9/9
     9 | D        | Reached XP level 11. HP: 41/121 MP: 10/10
     9 | D        | Killed a bag of meat
     9 | D        | Reached skill level 21 in Fighting
     9 | D        | Reached XP level 12. HP: 43/136 MP: 11/11
    10 | D        | Killed a bag of meat
    10 | D        | Reached skill level 23 in Fighting
    10 | D        | Reached XP level 13. HP: 45/148 MP: 12/12
    10 | D        | Killed a bag of meat
    10 | D        | Reached skill level 24 in Fighting
    10 | D        | Reached XP level 14. HP: 47/160 MP: 13/13
    10 | D        | Killed a bag of meat
    10 | D        | Reached skill level 25 in Fighting
    11 | D        | Killed a bag of meat
    11 | D        | Reached skill level 26 in Fighting
    11 | D        | Reached skill level 15 in Axes
    11 | D        | Reached XP level 15. HP: 50/173 MP: 14/14
    12 | D        | Killed a bag of meat
    12 | D        | Reached skill level 27 in Fighting
    12 | D        | Reached skill level 27 in Armour
    12 | D        | Reached skill level 27 in Shields
    14 | D        | Noticed a bag of meat
    15 | D        | Noticed a bag of meat
    15 | D        | Noticed a bag of meat
    16 | D        | Noticed a meat berserker
    18 | D        | Noticed a meat berserker
    18 | D        | Noticed a meat berserker
    20 | D        | Noticed a bag of meat
    20 | D        | Noticed a meat berserker
    20 | D        | Noticed a large bag of meat
    20 | D        | Noticed a bag of meat
    21 | D        | Noticed a bag of meat
    21 | D        | Killed a meat berserker
    21 | D        | Reached skill level 27 in Axes
    21 | D        | Reached XP level 16. HP: 78/183 MP: 15/15
    22 | D        | Noticed a meat berserker
    22 | D        | Noticed a bag of meat
    23 | D        | Noticed a meat berserker
    23 | D        | Became a worshipper of Makhleb the Destroyer
    24 | D        | Noticed a bag of meat
    24 | D        | Noticed a meat berserker
    24 | D        | Killed a meat berserker
    24 | D        | Reached skill level 5 in Spellcasting
    25 | D        | Killed a meat berserker
    25 | D        | Acquired Makhleb's first power
    25 | D        | Reached XP level 17. HP: 57/191 MP: 15/28
    25 | D        | Killed a meat berserker
    25 | D        | Reached skill level 15 in Dodging
    25 | D        | Reached skill level 15 in Unarmed Combat
    25 | D        | Reached skill level 10 in Spellcasting
    25 | D        | Killed a meat berserker
    25 | D        | Acquired Makhleb's second power
    25 | D        | Reached skill level 15 in Stealth
    25 | D        | Reached XP level 18. HP: 139/200 MP: 15/32
    25 | D        | Killed a bag of meat
    26 | D        | Noticed a large bag of meat
    26 | D        | Killed a large bag of meat
    26 | D        | Acquired Makhleb's third power
    27 | D        | Noticed a bag of meat
    27 | D        | Noticed a bag of meat
    28 | D        | Noticed a large bag of meat
    28 | D        | Killed a bag of meat
    28 | D        | Killed a bag of meat
    28 | D        | Reached XP level 19. HP: 207/207 MP: 15/36
    28 | D        | Killed a meat berserker
    28 | D        | Acquired Makhleb's fourth power
    28 | D        | Reached skill level 15 in Spellcasting
    28 | D        | Killed a bag of meat
    29 | D        | Noticed a meat berserker
    30 | D        | Noticed a bag of meat
    30 | D        | Noticed a bag of meat
    30 | D        | Noticed a bag of meat
    30 | D        | Noticed a bag of meat
    30 | D        | Noticed a bag of meat
    30 | D        | Noticed a bag of meat
    30 | D        | Noticed The Servant
    30 | D        | Killed a large bag of meat
    30 | D        | Killed a bag of meat
    30 | D        | Acquired Makhleb's fifth power
    30 | D        | Reached XP level 20. HP: 216/216 MP: 16/39
    31 | D        | Noticed a bag of meat
    31 | D        | Noticed a bag of meat
    31 | D        | Noticed a meat berserker
    31 | D        | Killed a meat berserker
    32 | D        | Noticed a bag of meat
    32 | D        | Noticed a bag of meat
    32 | D        | Noticed a meat berserker
    32 | D        | Killed a bag of meat
    33 | D        | Noticed a meat berserker
    33 | D        | Killed a bag of meat
    33 | D        | Killed a meat berserker
    33 | D        | Noticed a destroyer
    34 | D        | Noticed a destroyer
    34 | D        | Killed a bag of meat
    34 | D        | Reached XP level 21. HP: 159/224 MP: 16/42
    35 | D        | Noticed a meat berserker
    35 | D        | Noticed a bag of meat
    35 | D        | Killed a destroyer
    35 | D        | Reached skill level 27 in Dodging
    35 | D        | Reached skill level 27 in Unarmed Combat
    36 | D        | Killed a bag of meat
    36 | D        | Reached skill level 27 in Throwing
    36 | D        | Reached skill level 27 in Invocations
    37 | D        | Noticed a bag of meat
    37 | D        | Noticed a bag of meat
    37 | D        | Noticed a bag of meat
    37 | D        | Killed a bag of meat
    37 | D        | Killed a bag of meat
    37 | D        | Reached skill level 27 in Stealth
    37 | D        | Reached XP level 22. HP: 233/233 MP: 17/47
    37 | D        | Noticed a bag of meat
    38 | D        | Killed a meat berserker
    39 | D        | Noticed a bag of meat
    39 | D        | Noticed a sculptor of flesh
    39 | D        | Killed a bag of meat
    39 | D        | Killed a meat berserker
    39 | D        | Reached skill level 27 in Spellcasting
    39 | D        | Killed a meat berserker
    39 | D        | Noticed a bag of meat
    40 | D        | Killed a bag of meat
    40 | D        | Reached XP level 23. HP: 240/240 MP: 18/53
    41 | D        | Noticed a bag of meat
    41 | D        | Killed a meat berserker
    41 | D        | Killed a bag of meat
    41 | D        | Killed a bag of meat
    41 | D        | Killed a destroyer
    42 | D        | Killed a large bag of meat
    42 | D        | Reached XP level 24. HP: 198/249 MP: 18/53
    42 | D        | Killed a bag of meat
    43 | D        | Killed a bag of meat
    43 | D        | Killed a bag of meat
    44 | D        | Noticed a bag of meat
    44 | D        | Noticed a bag of meat
    44 | D        | Killed a bag of meat
    44 | D        | Killed a bag of meat
    45 | D        | Killed a bag of meat
    45 | D        | Killed a bag of meat
    46 | D        | Noticed a bag of meat
    46 | D        | Noticed a meat berserker
    47 | D        | Killed a bag of meat
    47 | D        | Reached XP level 25. HP: 65/257 MP: 19/53
    47 | D        | Killed a bag of meat
    47 | D        | Killed a bag of meat
    48 | D        | Noticed a meat berserker
    48 | D        | Killed a sculptor of flesh
    49 | D        | Noticed a destroyer
    49 | D        | Noticed a bag of meat
    49 | D        | Killed a bag of meat
    50 | D        | Noticed a destroyer
    50 | D        | Noticed a bag of meat
    50 | D        | Noticed a bag of meat
    50 | D        | Noticed a bag of meat
    50 | D        | Noticed a bag of meat
    51 | D        | Noticed a destroyer
    51 | D        | Killed a destroyer
    51 | D        | Killed a bag of meat
    51 | D        | Killed a meat berserker
    51 | D        | Reached XP level 26. HP: 266/266 MP: 20/53
    52 | D        | Noticed a meat berserker
    52 | D        | Killed a bag of meat
    52 | D        | Killed a bag of meat
    52 | D        | Killed a bag of meat
    53 | D        | Noticed a destroyer
    53 | D        | Noticed a bag of meat
    53 | D        | Noticed a bag of meat
    53 | D        | Noticed a bag of meat
    54 | D        | Noticed a meat berserker
    54 | D        | Noticed a tyrant
    54 | D        | Noticed a bag of meat
    54 | D        | Noticed a large bag of meat
    54 | D        | Killed a destroyer
    54 | D        | Killed a bag of meat
    55 | D        | Noticed a tyrant
    55 | D        | Killed a bag of meat
    55 | D        | Killed a bag of meat
    56 | D        | Noticed a bag of meat
    56 | D        | Killed a meat berserker
    56 | D        | Reached XP level 27. HP: 273/273 MP: 22/53
    56 | D        | Killed a bag of meat
    56 | D        | Killed a bag of meat
    58 | D        | Noticed a meat berserker
    58 | D        | Killed a bag of meat
    58 | D        | Killed a meat berserker
    59 | D        | Killed a bag of meat
    60 | D        | Killed a bag of meat
    61 | D        | Noticed a destroyer
    61 | D        | Killed a bag of meat
    62 | D        | Noticed a bag of meat
    62 | D        | Killed a bag of meat
    62 | D        | Killed a destroyer
    63 | D        | Noticed a destroyer
    63 | D        | Noticed a meat berserker
    63 | D        | Noticed a meat berserker
    64 | D        | Noticed a sculptor of flesh
    64 | D        | Killed a large bag of meat
    64 | D        | Killed a meat berserker
    65 | D        | Noticed a bag of meat
    65 | D        | Noticed a meat berserker
    65 | D        | Killed a bag of meat
    66 | D        | Noticed a tyrant
    67 | D        | Noticed a dread
    67 | D        | Killed a tyrant
    67 | D        | Killed a destroyer
    68 | D        | Noticed a bag of meat
    68 | D        | Killed a meat berserker
    70 | D        | Noticed a dread
    70 | D        | Noticed a bag of meat
    70 | D        | Noticed a meat berserker
    70 | D        | Killed a meat berserker
    70 | D        | Killed a meat berserker
    70 | D        | Killed a bag of meat
    71 | D        | Noticed a meat berserker
    71 | D        | Killed a destroyer
    71 | D        | Killed a meat berserker
    72 | D        | Noticed a dread
    72 | D        | Killed a tyrant
    73 | D        | Noticed a large bag of meat
    73 | D        | Noticed a bag of meat
    74 | D        | Noticed a meat beast
    75 | D        | Killed a meat berserker
    75 | D        | Killed a meat beast
    76 | D        | Killed a destroyer
    77 | D        | Killed a sculptor of flesh
    78 | D        | Noticed a large bag of meat
    78 | D        | Killed a bag of meat
    78 | D        | Killed a tyrant
    79 | D        | Noticed a meat beast
    79 | D        | Killed a meat berserker
    80 | D        | Noticed a meat berserker
    80 | D        | Killed a bag of meat
    81 | D        | Killed a dread
    82 | D        | Killed a bag of meat
    82 | D        | Killed a dread
    82 | D        | Killed a meat beast
    83 | D        | Killed from afar by a wretched soul

Vault maps used:
D:        meatsprint

Action                   |  1- 3 |  4- 6 |  7- 9 | 10-12 | 13-15 | 16-18 | 19-21 | 22-24 | 25-27 || total
-------------------------+-------+-------+-------+-------+-------+-------+-------+-------+-------++-------
Melee: Executioner's axe |     1 |       |       |     1 |     3 |     4 |     8 |    10 |    29 ||    56
  Use: Potion            |       |       |       |       |     1 |       |       |       |       ||     1
